 Dungeon Crawl Stone Soup version 0.23.2-33-g5129a83184 (console) character file.

Game seed: 8267673519821640043

52574 Eclipse the Spear-Bearer (level 13, -5/111 HPs)
             Began as a Demigod Wanderer on July 14, 2019.
             Shot with an arrow by a centaur warrior (14 damage)
             ... on level 13 of the Dungeon.
             The game lasted 01:47:07 (31414 turns).

Eclipse the Spear-Bearer (Demigod Wanderer)        Turns: 31414, Time: 01:47:07

Health: -5/111     AC:  8    Str: 14    XL:     13   Next: 95%
Magic:  22/29      EV: 21    Int: 28    God:
Gold:   2078       SH:  0    Dex: 15    Spells: 5/28 levels left

rFire    . . .     SeeInvis .   b - +1 glaive (chop)
rCold    + . .     Gourm    .   (shield currently unavailable)
rNeg     . . .     Faith    .   f - +1 robe
rPois    .         Spirit   .   N - +1 hat {Int+3}
rElec    +         Reflect  .   Z - +1 cloak of Starlight {rElec rC+ EV+4 Stlth--}
rCorr    .         Harm     .   d - +1 pair of gloves
MR       +....     Clarity  +   (no boots)
Stlth    ..........             (no amulet)
HPRegen  0.28/turn              J - +4 ring of slaying
MPRegen  0.21/turn              v - ring of wizardry

@: confused, very slightly contaminated, slowed, invisible, very slow
A: claws 1, blink, clarity, high mp 1
a: Blink


You were on level 13 of the Dungeon.
You were not hungry.

You visited 3 branches of the dungeon, and saw 21 of its levels.
You also visited: Ice Cave.

You collected 2078 gold pieces.

Inventory:

Hand Weapons
 a - a +2 shortbow
 b - a +1 glaive of chopping (weapon)
 G - a +0 blowgun
Missiles
 h - 73 arrows
 z - 4 curare-tipped needles
 I - 3 throwing nets (quivered)
Armour
 d - a +1 pair of gloves (worn)
 f - a +1 robe (worn)
 B - a +0 cloak of cold resistance
 N - a +1 hat of intelligence (worn)
 Z - the +1 cloak of Starlight (worn) {rElec rC+ EV+4 Stlth--}
   (You found it on level 10 of the Dungeon)

   It affects your evasion (+4).
   It protects you from cold.
   It insulates you from electricity.
   It makes you much less stealthy.
Jewellery
 l - a +5 amulet of reflection
 v - a ring of wizardry (right hand)
 x - an uncursed ring of protection from cold
 C - an uncursed ring of protection from fire
 J - a +4 ring of slaying (left hand)
 L - an uncursed amulet of harm
 X - an uncursed ring of protection from fire
Wands
 c - a wand of disintegration (7)
 y - a wand of random effects (22)
 A - a wand of polymorph (10)
 H - a wand of clouds (3)
 O - a wand of flame (16)
 P - a wand of paralysis (3)
Scrolls
 j - 4 scrolls of magic mapping
 k - 12 scrolls of identify
 n - 3 scrolls of fear
 p - 8 scrolls of remove curse
 s - 8 scrolls of teleportation
 E - 5 scrolls of amnesia
 T - a scroll of fog
 Y - a scroll of enchant weapon
Potions
 e - 5 potions of curing
 i - a potion of invisibility
 o - a potion of resistance
 q - 3 potions of agility
 u - 5 potions of lignification
 w - 5 potions of haste
 K - 4 potions of might
 M - 4 potions of flight
 U - a potion of mutation
 V - a potion of cancellation
 W - 3 potions of brilliance
Miscellaneous
 F - a lamp of fire
 Q - a phial of floods
 R - a fan of gales
 S - a lightning rod (2/4)
Comestibles
 g - 28 rations


   Skills:
 - Level 9.1 Fighting
 * Level 12.1 Polearms
 - Level 6.0 Bows
 - Level 3.0 Armour
 - Level 7.6 Dodging
 - Level 5.4 Stealth
   Level 2.9 Shields
 - Level 8.0 Spellcasting
 - Level 4.7 Conjurations
 - Level 2.0 Hexes
 - Level 3.0 Translocations
 - Level 4.0 Fire Magic
 - Level 1.0 Air Magic
 - Level 7.0 Poison Magic
 - Level 3.8 Evocations


You had 5 spell levels left.
You knew the following spells:

 Your Spells              Type           Power        Failure   Level  Hunger
a - Conjure Flame         Conj/Fire      #####...     1%          3    None
b - Blink                 Tloc           N/A          1%          2    None
c - Magic Dart            Conj           ####         1%          1    None
d - Mephitic Cloud        Conj/Pois/Air  #####...     1%          3    None
e - Olgreb's Toxic Radia  Pois           ######..     1%          4    ##.....
f - Inner Flame           Hex/Fire       ####....     1%          3    None
g - Orb of Destruction    Conj           #####.....   90%         7    #######

Your spell library contained the following spells:

 Spells                   Type           Power        Failure   Level  Hunger
 Corona                   Hex            ###....      1%          1    None
 Flame Tongue             Conj/Fire      #####        1%          1    None
 Sandblast                Erth           ##....       1%          1    None
 Sting                    Conj/Pois      ####         1%          1    None
 Ensorcelled Hibernation  Hex/Ice        ###...       1%          2    None
 Poisonous Vapours        Pois/Air       ####..       1%          2    None
 Slow                     Hex            ###.....     1%          2    None
 Throw Flame              Conj/Fire      #####.       1%          2    None
 Dazzling Spray           Conj/Hex       ####..       1%          3    None
 Confuse                  Hex            ###.....     2%          3    None
 Stone Arrow              Conj/Erth      ###...       2%          3    None
 Tukima's Dance           Hex            ###.....     2%          3    None
 Call Imp                 Summ           ##......     3%          2    None
 Passwall                 Tmut/Erth      ##......     3%          2    None
 Sticky Flame             Conj/Fire      #####...     3%          4    ##.....
 Venom Bolt               Conj/Pois      #####.....   4%          5    ####...
 Fireball                 Conj/Fire      #####.....   9%          5    ####...
 Bolt of Magma            Conj/Fire/Erth ####......   16%         5    ####...
 Petrify                  Tmut/Erth      ##......     19%         4    ##.....
 Iskenderun's Battlesphe  Conj/Chrm      ###.....     21%         5    ####...
 Lee's Rapid Deconstruct  Erth           ##........   45%         5    ####...
 Iron Shot                Conj/Erth      ###.......   71%         6    ######.
 Freezing Cloud           Conj/Ice/Air   ###.......   77%         6    ######.
 Ring of Flames           Chrm/Fire      ###.......   99%         7    #######
 Spellforged Servitor     Conj/Summ      ###.......   99%         7    #######


Dungeon Overview and Level Annotations

Branches:
Dungeon (13/15)            Temple (0/1) D:4            Lair (6/6) D:9
  Swamp (0/4) Lair:4        Snake (0/4) Lair:2          Orc (2/2) D:10
    Elf (0/3) Orc:2
  Slime: Lair:5-6    Vaults: D:13-14

Shops:
D:12 *

Annotations:
D:10 exclusion: downstairs
D:12 3 runed translucent doors, exclusion: obsidian statue, bocha96's ghost, journeyman GrEE
Lair:1 Exodus22XD's ghost, novice DDFi
Lair:3 exclusion: oklob plant
Lair:5 exclusions: downstairs and 3 oklob plants


Innate Abilities, Weirdness & Mutations

You have an increased reservoir of magic. (+10% MP)
You have sharp fingernails.
You can translocate small distances at will.
You possess an exceptional clarity of mind.


Message History

You feel better.
You fade into invisibility!
The bullfrog completely misses you. The bullfrog misses you.
Unknown command.
Okay, then.
Unknown command.
Unknown command.
The bullfrog closely misses you.
Unknown command.
Okay, then.
You are confused.
You feel invigorated. The bullfrog completely misses you.
The bullfrog closely misses you. x2
A centaur comes into view.
The centaur warrior wields a +0 shortbow.
The centaur warrior shoots an arrow.
The arrow hits you!!
* * * LOW HITPOINT WARNING * * *
The bullfrog closely misses you.
The centaur warrior shoots an arrow.
The arrow hits you!
You die...

#.<...#..
##c.(p#K. ##
..cc..ccc#.#
..
..l..##.cc..
.# ...##
###cl#..#
>.. ##..c#.#
.# #...F.#
.# #.J##
#@## ###


You could see a death knight, a slime creature, 2 centaur warriors, a wyvern, a
bullfrog, 3 centaurs and a kobold.

Vanquished Creatures
  Gastronok (Lair:2)
  A frost giant (IceCv)
  An orc warlord (Orc:1)
  7 hydras
  A two-headed ogre (D:9)
  2 orc knights
  A deep elf mage (D:12)
  An orc sorcerer (Orc:1)
  8 elephants (Lair:6)
  A centaur zombie (D:11)
  4 black mambas
  2 ice statues (IceCv)
  A centaur skeleton (D:11)
  15 spiny frogs
  2 rime drakes
  5 komodo dragons
  5 tyrant leeches (Lair:6)
  16 polar bears
  16 blink frogs
  A hornet (D:10)
  A slime creature (D:12)
  10 hippogriffs
  A vampire (D:11)
  3 wyverns
  A spriggan (D:7)
  A wraith (D:10)
  A tarantella (shapeshifter) (D:8)
  39 yaks
  2 steam dragons
  10 vampire mosquitoes
  A hungry ghost (D:8)
  A warg (Orc:1)
  4 nagas (Lair:2)
  10 water moccasins
  6 porcupines
  A hornet zombie (D:8)
  A sky beast (D:5)
  19 orc warriors
  A phantom (D:4)
  A black bear (D:7)
  5 ice beasts
  6 ogres
  6 centaurs
  16 wolves
  5 crocodiles
  2 big kobolds
  5 gnoll sergeants
  27 bullfrogs
  A wyvern skeleton (D:11)
  4 scorpions
  2 jellies
  4 killer bees (D:12)
  3 wights (D:11)
  A howler monkey (D:8)
  4 electric eels (D:8)
  2 lava snakes (Lair:3)
  6 crimson imps
  2 bullfrog zombies
  3 bullfrog skeletons
  13 orc priests
  4 gnoll shamans
  16 hounds
  19 orc wizards
  2 iguanas
  8 worker ants
  2 hell rats (Lair:1)
  A killer bee zombie (D:7)
  A hound zombie (D:5)
  A hound skeleton (D:11)
  A howler monkey zombie (D:7)
  2 worker ant zombies
  33 gnolls
  14 adders
  10 river rats (Lair:1)
  2 shadow imps
  2 adder zombies (D:9)
  A worm (D:4)
  6 dart slugs
  4 leopard geckos
  56 orcs
  8 giant cockroaches
  5 goblins (D:1)
  4 hobgoblins
  17 jackals
  A quokka (D:6)
  A ball python (D:8)
  3 bats
  6 frilled lizards
  12 kobolds
  7 rats
571 creatures vanquished.

Vanquished Creatures (others)
  2 kobolds (D:8)
  21 fungi
  44 plants
67 creatures vanquished.

Grand Total: 638 creatures vanquished

Notes
Turn   | Place    | Note
-------+----------+-------------------------------------------
     0 | D:1      | Eclipse the Demigod Wanderer began the quest for the Orb.
     0 | D:1      | Eclipse set off with the following items: a +2 shortbow, 25
                  | arrows, a +0 hand crossbow, 32 bolts, a potion of curing, a
                  | +0 robe, a ration
     0 | D:1      | Reached XP level 1. HP: 18/18 MP: 3/3
     0 | D:1      | Noticed a vine stalker
     2 | D:1      | Noticed a ghoul
     4 | D:1      | Noticed a merfolk zombie
    10 | D:1      | Noticed an octopode
    14 | D:1      | Noticed a ghoul
    14 | D:1      | Noticed a spriggan
    16 | D:1      | Noticed a troll
   297 | D:1      | Reached XP level 2. HP: 26/26 MP: 4/4
   603 | D:1      | Reached XP level 3. HP: 33/33 MP: 5/5
  1184 | D:2      | Found a burning altar of Makhleb.
  1193 | D:2      | Reached XP level 4. HP: 22/41 MP: 6/6
  1986 | D:3      | Reached skill level 5 in Fighting
  2255 | D:3      | Found a sparkling altar of Nemelex Xobeh.
  2449 | D:3      | Found a snail-covered altar of Cheibriados.
  2478 | D:3      | Reached XP level 5. HP: 48/48 MP: 7/7
  3193 | D:4      | Noticed a yak
  3193 | D:4      | Noticed a yak
  3193 | D:4      | Noticed a yak
  3313 | D:4      | Noticed a yak
  3314 | D:4      | Noticed a yak
  3340 | D:4      | Noticed a phantom
  3562 | D:4      | Found a stormy altar of Qazlal.
  3698 | D:4      | Found a hazy altar of Hepliaklqana.
  3795 | D:4      | Killed a phantom
  3795 | D:4      | Reached XP level 6. HP: 49/58 MP: 8/8
  3818 | D:5      | Entered Level 5 of the Dungeon
  3914 | D:5      | Found a deep blue altar of Sif Muna.
  4048 | D:5      | Reached XP level 7. HP: 23/66 MP: 9/9
  4516 | D:5      | Noticed a hippogriff
  4529 | D:4      | Found a staircase to the Ecumenical Temple.
  4750 | D:4      | Killed a yak
  4945 | D:5      | Killed a hippogriff
  4945 | D:5      | Reached skill level 5 in Bows
  5192 | D:5      | Reached skill level 1 in Evocations
  5192 | D:5      | Reached XP level 8. HP: 73/73 MP: 11/11
  5617 | D:6      | Learned a level 3 spell: Conjure Flame
  5669 | D:6      | Reached skill level 1 in Spellcasting
  6539 | D:6      | Reached skill level 1 in Conjurations
  6588 | D:6      | Found a hide-covered altar of Uskayaw.
  6636 | D:6      | Reached skill level 1 in Armour
  8678 | D:7      | Reached skill level 1 in Polearms
  8692 | D:7      | Reached XP level 9. HP: 78/79 MP: 18/18
  8699 | D:7      | Learned a level 2 spell: Blink
  8701 | D:7      | Learned a level 1 spell: Magic Dart
  8705 | D:7      | Learned a level 3 spell: Mephitic Cloud
  9942 | D:8      | Found an ancient bone altar of Kikubaaqudgha.
  9953 | D:8      | Found a white marble altar of Elyvilon.
 10112 | D:8      | Found a white marble altar of Elyvilon.
 10123 | D:7      | Reached skill level 2 in Polearms
 10529 | D:9      | Found a staircase to the Lair.
 10557 | D:9      | Reached skill level 3 in Polearms
 10597 | D:9      | Found a shattered altar of Ashenzari.
 10695 | D:9      | Noticed a two-headed ogre
 10867 | D:9      | Killed a two-headed ogre
 10867 | D:9      | Reached skill level 4 in Polearms
 10867 | D:9      | Reached skill level 5 in Stealth
 10867 | D:9      | Reached skill level 5 in Spellcasting
 11080 | D:10     | Entered Level 10 of the Dungeon
 11156 | D:10     | Reached skill level 5 in Polearms
 11387 | D:10     | Noticed a komodo dragon
 11441 | D:10     | Killed a komodo dragon
 11463 | D:10     | Got an ichor-stained dagger
 11814 | D:10     | Found a staircase to the Orcish Mines.
 11854 | D:10     | Reached XP level 10. HP: 86/86 MP: 21/21
 12276 | D:10     | Found the +1 cloak of Starlight {rElec rC+ EV+4 Stlth--}
 12814 | D:11     | Noticed an eight-headed hydra
 12832 | D:11     | Killed an eight-headed hydra
 12832 | D:11     | Reached skill level 1 in Fire Magic
 12934 | D:10     | Reached skill level 1 in Translocations
 14161 | D:11     | Gained mutation: You are weak. (Str -2) [potion of
                  | mutation]
 14161 | D:11     | Gained mutation: You are clumsy. (Dex -2) [potion of
                  | mutation]
 14161 | D:11     | Gained mutation: You have sharp fingernails. [potion of
                  | mutation]
 14991 | D:12     | Got a smelly ring mail
 14992 | D:12     | Identified the cursed +0 ring mail "Quqonif" {+Fly Stlth+}
                  | (You found it on level 12 of the Dungeon)
 15171 | D:12     | Reached skill level 1 in Poison Magic
 15373 | Lair:1   | Entered Level 1 of the Lair of Beasts
 15417 | Lair:1   | Reached skill level 5 in Dodging
 15502 | Lair:1   | Reached XP level 11. HP: 50/92 MP: 25/25
 15758 | Lair:1   | Reached skill level 1 in Air Magic
 15985 | Lair:1   | Noticed a seven-headed hydra
 16001 | Lair:1   | Killed a seven-headed hydra
 16179 | Lair:1   | Lost mutation: You are weak. (Str -2) [potion of mutation]
 16179 | Lair:1   | Lost mutation: You are clumsy. (Dex -2) [potion of
                  | mutation]
 16179 | Lair:1   | Gained mutation: You possess an exceptional clarity of
                  | mind. [potion of mutation]
 16179 | Lair:1   | Gained mutation: You can translocate small distances at
                  | will. [potion of mutation]
 16188 | Lair:1   | Found a runed translucent gate.
 16198 | Lair:1   | Found a runed translucent gate.
 16199 | Lair:1   | Noticed Exodus22XD's ghost (novice DDFi)
 16216 | Lair:1   | Found a runed translucent gate.
 17324 | Lair:2   | Learned a level 4 spell: Olgreb's Toxic Radiance
 17441 | Lair:2   | Noticed Gastronok
 17609 | Lair:2   | Killed Gastronok
 17609 | Lair:2   | Reached skill level 5 in Poison Magic
 17878 | Lair:2   | Found a staircase to the Snake Pit.
 18283 | Lair:2   | Noticed a five-headed hydra
 18383 | Lair:2   | Killed a five-headed hydra
 18383 | Lair:2   | Reached XP level 12. HP: 69/100 MP: 1/26
 18946 | Lair:3   | Noticed a five-headed hydra
 19017 | Lair:3   | Noticed a five-headed hydra
 19224 | Orc:1    | Entered Level 1 of the Orcish Mines
 19257 | Orc:1    | Found a burning altar of Makhleb.
 19585 | Orc:1    | Found a runed translucent door.
 19859 | Orc:1    | Noticed an orc warlord
 19957 | Orc:1    | Killed an orc warlord
 20546 | Orc:1    | Found a roughly hewn altar of Beogh.
 20631 | Orc:2    | Entered Level 2 of the Orcish Mines
 20851 | Orc:2    | Found a staircase to the Elven Halls.
 21173 | Orc:2    | Noticed an orc warlord
 21488 | D:12     | Found a sparkling altar of Nemelex Xobeh.
 21903 | Lair:3   | Killed a five-headed hydra
 22169 | Lair:3   | Reached skill level 6 in Polearms
 22718 | Lair:4   | Found a frozen archway.
 22838 | Lair:4   | Learned a level 3 spell: Inner Flame
 22839 | IceCv    | Entered an ice cave
 22930 | IceCv    | Reached skill level 7 in Polearms
 22955 | IceCv    | Reached skill level 1 in Hexes
 25127 | IceCv    | Reached skill level 8 in Polearms
 25305 | IceCv    | Noticed a frost giant
 25323 | IceCv    | Reached XP level 13. HP: 106/111 MP: 11/27
 25336 | IceCv    | Killed a frost giant
 25355 | IceCv    | Reached skill level 9 in Polearms
 25657 | Lair:4   | Identified the +9 dagger of Compound Interest {venom, rN+}
                  | (You found it on level 10 of the Dungeon)
 25786 | Lair:4   | Learned a level 7 spell: Orb of Destruction
 25855 | Lair:4   | Found a staircase to the Swamp.
 27046 | Lair:6   | Entered Level 6 of the Lair of Beasts
 27634 | Lair:6   | Reached skill level 10 in Polearms
 28604 | Lair:6   | Reached skill level 11 in Polearms
 30926 | D:8      | Reached skill level 12 in Polearms
 31325 | D:12     | Found a runed translucent gate.
 31325 | D:12     | Found a runed translucent gate.
 31327 | D:12     | Found an opulent altar of Gozag.
 31328 | D:12     | Found a runed translucent gate.
 31329 | D:12     | Found Ysefopn's Assorted Antiques.
 31329 | D:12     | Noticed an orc warlord
 31329 | D:12     | Noticed bocha96's ghost (journeyman GrEE)
 31414 | D:13     | Shot with an arrow by a centaur warrior

Skill      XL: |  1  2  3  4  5  6  7  8  9 10 11 12 13 |
---------------+----------------------------------------+-----
Fighting       | 3 4 5 6 7 9 |  9.1
Stealth        | 3 4 5 |  5.4
Bows           | 6 |  6.0
Evocations     | 1 2 3 |  3.8
Spellcasting   | 4 5 7 8 |  8.0
Conjurations   | 1 2 4 |  4.7
Armour         | 3 |  3.0
Polearms       | 1 5 8 12 | 12.1
Shields        | 2 |  2.9
Dodging        | 5 7 |  7.6
Fire Magic     | 1 4 |  4.0
Translocations | 2 3 |  3.0
Poison Magic   | 1 6 7 |  7.0
Air Magic      | 1 |  1.0
Hexes          | 1 2 |  2.0

Action                   |  1- 3 |  4- 6 |  7- 9 | 10-12 | 13-15 || total
-------------------------+-------+-------+-------+-------+-------++-------
Melee: Trident           |       |       |   158 |   713 |   224 ||  1095
       Dagger            |       |       |    14 |       |       ||    14
       Shortbow          |       |       |     1 |     1 |       ||     2
       Glaive            |       |       |       |       |   204 ||   204
 Fire: Shortbow          |   101 |   160 |   354 |   506 |    26 ||  1147
       Hand crossbow     |       |       |    29 |       |       ||    29
Throw: Stone             |       |       |     3 |       |       ||     3
       Throwing net      |       |       |     1 |     6 |       ||     7
 Cast: Conjure Flame     |       |       |     7 |    32 |    27 ||    66
       Magic Dart        |       |       |    20 |   269 |    72 ||   361
       Blink             |       |       |     1 |    44 |    32 ||    77
       Mephitic Cloud    |       |       |     1 |    34 |    18 ||    53
       Olgreb's Toxic Ra |       |       |       |    62 |    42 ||   104
       Inner Flame       |       |       |       |     4 |       ||     4
Evoke: Wand              |       |       |    11 |     8 |     2 ||    21
       Lightning rod     |       |       |       |     2 |     3 ||     5
       Fan of gales      |       |       |       |     1 |       ||     1
  Use: Scroll            |       |     2 |     2 |    17 |     6 ||    27
       Potion            |       |       |     4 |    12 |     7 ||    23
 Stab: Sleeping          |       |       |     2 |     1 |       ||     3
       Confused          |       |       |     2 |    11 |     6 ||    19
       Paralysed         |       |       |       |     3 |     1 ||     4
  Eat: Chunk             |       |     8 |    23 |    32 |    15 ||    78
       Ration            |       |       |     1 |     4 |     2 ||     7
Armor: Robe              |    10 |    10 |    15 |   113 |    47 ||   195
       Scale mail        |       |       |    72 |       |       ||    72
       Plate armour      |       |       |     1 |       |       ||     1
Dodge: Dodged            |    23 |    43 |   174 |   745 |   401 ||  1386
Block: Buckler           |       |       |     4 |    17 |       ||    21
       Other             |       |       |       |    17 |    23 ||    40
